Map: 2000 Atmospheres LE

Players

Kelazhur - Winner!

  • Race: Terran Terran

Ryu

  • Race: Zerg Zerg

Event: DreamHack SC2 Masters 2021 Winter

VOD

Have the link to the VOD?

Description

Time

  • Played on: Oct. 1, 2021, 4:28 p.m.
  • Length: 6:51

All games in this series

Show
View Real Time Build Order
Export as new Build Order

Kelazhur Terran - Winner!

Build Orders: Reaper Expand 

Get SALT Encoding   

  12  0:00  SCV  
  13  0:12  SCV  
  14  0:17  Supply Depot  
  14  0:24  SCV  
  15  0:38  SCV  
  15  0:39  Barracks  
  16  0:42  Refinery  
  16  0:50  SCV  
  17  1:02  SCV  
  18  1:15  SCV  
  19  1:26  Reaper  
  19  1:27  Orbital Command  
  20  1:38  Command Center  
  20  1:50  Barracks  
  20  1:53  SCV  
  21  1:59  Barracks Reactor  
  21  2:05  SCV  
  22  2:09  Supply Depot  
  22  2:13  Refinery  
  22  2:17  SCV  
  23  2:22  Factory  
  23  2:31  SCV  
  24  2:39  Marine x2  
  24  2:40  Barracks Tech Lab  
  24  2:43  SCV  
  27  2:52  Orbital Command  
  27  2:55  SCV  
  27  2:57  Marine x2  
  30  3:01  Stimpack  
  30  3:06  Marine  
  30  3:07  SCV  
  32  3:16  Marine x2  
  32  3:19  SCV x2  
  36  3:23  Starport  
  36  3:26  Factory Reactor  
  36  3:29  Marine  
  36  3:31  SCV x2  
  39  3:36  Marine x2  
  39  3:39  Supply Depot  
  41  3:43  SCV x2  
  41  3:47  Marine  
  44  3:54  Marine x2  
  46  4:01  SCV x2  
  46  4:02  Supply Depot  
  48  4:05  Supply Depot, Marine  
  48  4:08  Medivac  
  48  4:09  Medivac  
  53  4:12  Marine  
  54  4:23  Marine  
  54  4:24  SCV x2  
  57  4:28  Command Center  
  57  4:30  Marine  
  58  4:35  Marine  
  58  4:36  SCV x2  
  61  4:38  Supply Depot  
  61  4:45  Marine  
  62  4:46  Widow Mine  
  62  4:47  Combat Shield  
  62  4:48  SCV x2  
  62  4:49  Marine  
  67  4:54  Medivac  
  69  5:00  SCV  
  69  5:01  SCV  
  69  5:06  Supply Depot, Marine x2  
  73  5:07  Marine  
  73  5:12  SCV, Engineering Bay  
  73  5:13  Engineering Bay  
  75  5:15  Refinery x2  
  75  5:16  SCV  
  76  5:24  SCV, Marine  
  76  5:27  Marine  
  79  5:30  Supply Depot, SCV  
  79  5:32  Marine  
  79  5:33  Factory Tech Lab, Starport Reactor  
  81  5:36  SCV  
  81  5:42  SCV, Marine  
  84  5:45  Orbital Command  
  84  5:49  SCV  
  85  5:53  Siege Tank  
  85  5:54  Marine x2  
  90  6:00  SCV, Barracks  
  90  6:01  SCV  
  90  6:03  Marine  
  93  6:11  SCV  
  94  6:12  Marine  
  94  6:25  Marine x2  
  91  6:26  SCV  
  97  6:33  SCV  
  97  6:38  SCV  
  98  6:40  Barracks  
  98  6:41  Supply Depot  
  98  6:42  Supply Depot  
  98  6:43  Supply Depot, Barracks  
Show
View Real Time Build Order
Export as new Build Order

Ryu Zerg 

Build Orders: Hatch First 

Get SALT Encoding   

  12  0:02  Drone  
  13  0:13  Overlord  
  13  0:16  Drone  
  14  0:31  Drone x2  
  16  0:48  Hatchery  
  15  0:51  Drone  
  15  0:54  Drone  
  17  0:58  Drone  
  17  1:03  Extractor  
  17  1:14  Spawning Pool  
  17  1:17  Drone  
  17  1:19  Drone  
  18  1:29  Drone  
  19  1:39  Drone  
  20  1:50  Overlord  
  20  2:01  Queen x2  
  20  2:03  Zergling x4  
  20  2:08  Metabolic Boost  
  26  2:13  Drone x2  
  28  2:25  Drone  
  28  2:37  Hatchery  
  28  2:40  Drone  
  28  2:42  Queen  
  30  2:52  Drone  
  30  2:56  Drone x3  
  30  2:57  Overlord  
  34  3:05  Drone  
  35  3:13  Drone  
  35  3:14  Overlord  
  35  3:16  Drone x2  
  35  3:17  Drone  
  35  3:19  Drone  
  40  3:27  Drone  
  40  3:28  Zergling x2  
  40  3:30  Roach Warren  
  40  3:32  Queen  
  43  3:39  Overlord  
  43  3:42  Drone x3  
  43  3:46  Zergling x4  
  43  3:48  Drone  
  49  3:55  Queen  
  51  3:56  Drone  
  51  4:00  Overlord  
  51  4:01  Drone x2  
  54  4:08  Drone x2  
  56  4:11  Evolution Chamber  
  56  4:13  Overlord  
  56  4:14  Drone x2  
  57  4:20  Drone x2  
  57  4:22  Drone  
  61  4:24  Drone  
  61  4:26  Drone  
  61  4:28  Spore Crawler  
  61  4:30  Roach  
  61  4:31  Roach  
  65  4:32  Roach  
  65  4:34  Roach  
  65  4:36  Roach  
  65  4:37  Roach  
  73  4:43  Extractor  
  73  4:44  Roach  
  73  4:45  Overlord  
  74  4:53  Lair  
  74  5:03  Overlord  
  74  5:04  Drone x3  
  74  5:05  Drone  
  74  5:06  Roach x2  
  81  5:14  Overlord  
  81  5:20  Drone x2  
  81  5:23  Zergling x4  
  81  5:26  Drone x3  
  86  5:30  Drone x3  
  86  5:31  Overlord x2  
  86  5:34  Extractor  
  88  5:37  Drone x2  
  90  5:43  Extractor  
  90  5:45  Drone x3  
  90  5:48  Roach  
  94  5:54  Drone x3  
  94  5:55  Queen x3, Extractor  
  102  5:58  Roach x2  
  102  5:59  Roach  
  102  6:03  Spore Crawler  
  107  6:08  Hatchery  
  101  6:13  Roach x4  
  102  6:19  Roach  
  102  6:21  Zergling x2, Roach  
  102  6:22  Zergling x2  
  102  6:25  Zergling x2  
  92  6:29  Roach x2  

Tags
 
Add a new tag
Caveats
  • Supply blocks, unpowered buildings, or Contaminate may cause inaccurate times.
  • Supply counts are checked every 10 seconds.